 Dungeon Crawl Stone Soup version 0.31-a0-431-g88bdf31460 (webtiles) character file.

Game seed: 10240180020892049721

9860 lunkers the Martial Artist (level 12, -32/100 HPs)
             Began as a Meteoran Shapeshifter on July 31, 2023.
             Was a High Priest of Okawaru.
             Annihilated by a large slime creature (33 damage)
             ... on level 11 of the Dungeon.
             The game lasted 00:12:27 (4290 turns).

lunkers the Martial Artist (Meteoran Shapeshifter)  Turns: 4290, Time: 00:12:28

Health: -32/100    AC: 10    Str: 17    XL:     12   Next: 11%
Magic:  17/18      EV: 18    Int: 15    God:    Okawaru [*****.]
Gold:   536        SH:  0    Dex: 21    Spells: 11/11 levels left

rFire   + .          .
                       - Unarmed
rCold   + . .        (no shield)
rNeg    . . .        u - +2 scale mail {rC+}
rPois   .            (helmet currently unavailable)
rElec   .            (cloak currently unavailable)
rCorr   .            (gloves currently unavailable)
SInv    .            (boots currently unavailable)
Will    +....        (no amulet)
Stlth   +            h - ring of protection from fire
HPRegen 0.36/turn    j - +6 ring of intelligence
MPRegen 0.16/turn

%: no passive effects
@: beast-form, heroic, glowing, studying Shapeshifting
A: beast (slay +7), sense surroundings 2, otherworldly, glowing, explore regen
a: Begin Untransformation, Renounce Religion, Heroism, Finesse, Duel


You were on level 11 of the Dungeon.
You worshipped Okawaru.
Okawaru was extremely pleased with you.
You were a hulking beast.
You visited 1 branch of the dungeon, and saw 11 of its levels.

You collected 536 gold pieces.

Inventory:

Armour
 f - a +0 ring mail of fire resistance
 q - a +0 pair of gloves
 u - a +2 scale mail of cold resistance (worn)
 v - a +0 troll leather armour
 w - +0 steam dragon scales
Jewellery
 h - a ring of protection from fire (left hand)
 j - a +6 ring of intelligence (right hand)
Talismans
 c - a beast talisman (active)
Wands
 b - a wand of flame (20)
 d - a wand of mindburst (20)
 n - a wand of acid (10)
 t - a wand of iceblast (7)
Scrolls
 g - 2 scrolls of teleportation
 r - 2 scrolls of immolation
 s - 3 scrolls of vulnerability
Potions
 a - 2 potions of mutation
 e - a potion of magic
 i - a potion of enlightenment
 l - a potion of might
 m - 7 potions of curing
 p - a potion of invisibility
 x - a potion of heal wounds


   Skills:
 + Level 7.3(12.3) Fighting
 + Level 3.9(8.9) Armour
 + Level 8.3(13.3) Dodging
 + Level 14.1(19.1) Unarmed Combat
 - Level 7.0 Invocations
 - Level 10.0 Shapeshifting


You had 11 spell levels left.
You didn't know any spells.
Your spell library contained the following spells:

 Spells                   Type           Power      Damage    Failure   Level
 Magic Dart               Conj           0%         1d3       58%         1
 Necrotise                Necr           0%         1d4       58%         1
 Slow                     Hex            0%         N/A       58%         1
 Cigotuvi's Dreadful Rot  Necr/Pois/Air  0%         N/A       75%         2
 Confusing Touch          Hex            0%         N/A       92%         3
 Ignite Poison            Fire/Tmut/Pois 0%         N/A       92%         3
 Mephitic Cloud           Conj/Pois/Air  0%         N/A       92%         3
 Stone Arrow              Conj/Erth      0%         3d7       92%         3
 Vampiric Draining        Necr           0%         2d6       92%         3
 Passage of Golubria      Tloc           0%         N/A       100%        4
 Agony                    Necr           0%         N/A       100%        5
 Freezing Cloud           Conj/Ice/Air   0%         6-21      100%        5
 Yara's Violent Unravell  Hex/Tmut       0%         3d3       100%        5
 Lehudib's Crystal Spear  Conj/Erth      0%         10d2      100%        8
 Call Imp                 Summ           Unusable   N/A       N/A         2
 Tukima's Dance           Hex            Unusable   N/A       N/A         3
 Animate Armour           Summ/Erth      Unusable   N/A       N/A         4

Dungeon Overview and Level Annotations

Branches:
Dungeon (11/15) Zot: 2403  Temple (0/1) D:7            Lair (0/5) D:11
    Orc: D:9-12

Altars:
Hepliaklqana
Okawaru
Uskayaw

Shops:
D:9 (   D:10 (

Annotations:
D:10 exclusion: orange crystal statue


Innate Abilities, Weirdness & Mutations

You are a hulking beast.
Your limbs bulge with bestial killing power. (Slay +7)
You passively map the area around you.
You are easily found by Zot.
You glow in the dark.
You regain HP and MP as you explore.


Message History

* * * LOW HITPOINT WARNING * * *
You punch the shadow! You punch the shadow.
The shadow is severely damaged.
You pummel the shadow!!
You destroy the shadow!
Okawaru accepts your kill.
Found 23 gold pieces.
You now have 536 gold pieces (gained 23).
You feel like a meek peon again.
A slime creature is nearby!
The slime creature quivers.
Unknown command.
The slime creature quivers.
You see here a yak skeleton.
You gain the combat prowess of a mighty hero.
You punch the slime creature!
The slime creature is lightly wounded.
You hit the slime creature.
The slime creature is moderately wounded.
The slime creature hits you but does no damage.
You pummel the slime creature!!
The slime creature is heavily wounded.
Two slime creatures merge to form a large slime creature.
You punch the large slime creature!
The large slime creature is moderately wounded.
You punch the large slime creature!
The large slime creature is heavily wounded.
The large slime creature hits you!!!
* * * LOW HITPOINT WARNING * * *
You pummel the large slime creature!! You punch the large slime creature!
The large slime creature is severely wounded.
You punch the large slime creature!
The large slime creature is almost dead.
The large slime creature hits you!!
* * * LOW HITPOINT WARNING * * *
You barely miss the large slime creature.
You punch the large slime creature!
The large slime creature is almost dead.
The large slime creature hits you!!
You die...

.....# #.......#
#...... ....<#
#.......# #......
..J..# #.......#
#.#####
.....####.......# #.# #
................## #.#
# .......รทรท..J.J...#
#.# #
###..###########.# #.#
# #..# #J# #.* #
###..#######***#h# *,*
#
.................#****
*** #
..................,,,**
...............####**,*
...............* *,*
...............* *,*
..............,* *,*
...^..........,******,*
............,,,,,,,,,,*


You could see a large slime creature.

Vanquished Creatures
  Erolcha (D:11)
  Erica (D:8)
  A two-headed ogre (D:11)
  A manticore (D:11)
  Joseph (D:8)
  Maggie (D:10)
  2 kobold demonologists (D:9)
  2 trolls (D:11)
  Sigmund (D:3)
  A shadow (D:11)
  2 wraiths
  22 yaks
  A steam dragon (D:9)
  A water moccasin (D:7)
  4 ice beasts
  A black bear (D:6)
  2 ogres
  An orc warrior (D:10)
  A centaur (D:6)
  3 kobold brigands
  Blork the orc (D:5)
  2 bullfrogs
  A scorpion (D:5)
  3 wights (D:9)
  A jelly (D:5)
  3 hounds
  A gnoll bouda (D:8)
  4 orc priests
  2 iguanas
  7 orc wizards
  3 gnolls (D:8)
  2 adders
  3 worms
  4 dart slugs
  28 orcs
  6 ball pythons
  4 bats
  5 endoplasms
  A giant cockroach (D:2)
  4 goblins
  9 hobgoblins
  16 kobolds
  7 quokkas
  4 frilled lizards
  2 rats
173 creatures vanquished.

Notes
Turn   | Place    | Note
-------+----------+-------------------------------------------
     0 | D:1      | lunkers the Meteoran Shapeshifter began the quest for the
                  | Orb.
     0 | D:1      | Reached XP level 1. HP: 16/16 MP: 2/2
    65 | D:1      | Reached XP level 2. HP: 15/23 MP: 3/3
   169 | D:1      | Reached skill level 4 in Unarmed Combat
   282 | D:1      | Reached XP level 3. HP: 28/28 MP: 4/4
   671 | D:2      | Reached XP level 4. HP: 23/35 MP: 5/5
   883 | D:3      | Noticed Sigmund
   905 | D:3      | Killed Sigmund
   906 | D:3      | Reached skill level 6 in Unarmed Combat
   906 | D:3      | Reached skill level 5 in Shapeshifting
   906 | D:3      | Reached XP level 5. HP: 40/40 MP: 6/6
   906 | D:3      | Reached XP level 6. HP: 47/47 MP: 7/7
  1181 | D:4      | Noticed an ogre
  1189 | D:4      | Killed an ogre
  1190 | D:4      | Reached XP level 7. HP: 34/52 MP: 8/8
  1207 | D:4      | Found a large runed translucent door.
  1208 | D:4      | Found a large runed translucent door.
  1225 | D:4      | Found an iron altar of Okawaru.
  1235 | D:4      | Found a hazy altar of Hepliaklqana.
  1247 | D:4      | Became a worshipper of Warmaster Okawaru
  1592 | D:5      | Entered Level 5 of the Dungeon
  1596 | D:5      | Reached skill level 1 in Invocations
  1646 | D:5      | Reached skill level 7 in Unarmed Combat
  1697 | D:5      | Reached XP level 8. HP: 52/59 MP: 10/10
  1742 | D:5      | Found a hide-covered altar of Uskayaw.
  1807 | D:5      | Reached * piety under Okawaru
  1854 | D:5      | Noticed Blork the orc
  1861 | D:5      | Killed Blork the orc
  2070 | D:6      | Reached skill level 8 in Unarmed Combat
  2315 | D:7      | Gained mutation: You passively map the area around you.
                  | [Meteoran growth]
  2315 | D:7      | Reached XP level 9. HP: 63/64 MP: 13/13
  2374 | D:7      | Reached ** piety under Okawaru
  2375 | D:7      | Reached skill level 9 in Unarmed Combat
  2481 | D:7      | Found a staircase to the Ecumenical Temple.
  2671 | D:8      | Noticed Joseph
  2680 | D:8      | HP: 1/64 [Joseph/+0 quarterstaff (15)]
  2681 | D:8      | Killed Joseph
  2682 | D:8      | Reached skill level 10 in Unarmed Combat
  2682 | D:8      | Reached skill level 10 in Shapeshifting
  2887 | D:8      | Noticed Erica
  2900 | D:8      | Reached skill level 11 in Unarmed Combat
  2909 | D:8      | Killed Erica
  2909 | D:8      | Reached *** piety under Okawaru
  2910 | D:8      | Reached skill level 12 in Unarmed Combat
  2910 | D:8      | Reached XP level 10. HP: 47/73 MP: 12/14
  2916 | D:8      | Reached skill level 5 in Invocations
  3004 | D:9      | Noticed a kobold demonologist
  3008 | D:9      | Noticed a kobold demonologist
  3015 | D:9      | Noticed a rust devil
  3021 | D:9      | Killed a kobold demonologist
  3021 | D:9      | Reached **** piety under Okawaru
  3024 | D:9      | Killed a kobold demonologist
  3024 | D:9      | Received a gift from Okawaru
  3030 | D:9      | HP: 2/78 [wight/+0 falchion (13)]
  3114 | D:9      | Found Ruclunum's Antique Weapon Shop.
  3135 | D:9      | Reached skill level 5 in Dodging
  3342 | D:10     | Entered Level 10 of the Dungeon
  3375 | D:10     | Found Xurehek's Weapon Shoppe.
  3435 | D:10     | Noticed an orange crystal statue
  3515 | D:10     | Reached XP level 11. HP: 65/85 MP: 13/17
  3526 | D:10     | Reached skill level 13 in Unarmed Combat
  3528 | D:10     | Reached skill level 5 in Fighting
  3652 | D:10     | Reached ***** piety under Okawaru
  3693 | D:10     | Noticed Maggie
  3703 | D:10     | Killed Maggie
  3865 | D:11     | Reached skill level 1 in Armour
  3878 | D:11     | Noticed a manticore
  3885 | D:11     | Killed a manticore
  3915 | D:11     | Noticed Erolcha
  3931 | D:11     | Killed Erolcha
  3965 | D:11     | Noticed a death yak
  3966 | D:11     | Noticed a white ugly thing
  3968 | D:11     | Found a staircase to the Lair.
  3968 | D:11     | Noticed a death yak
  3968 | D:11     | Noticed a death yak
  4142 | D:11     | Received a gift from Okawaru
  4143 | D:11     | Reached skill level 14 in Unarmed Combat
  4203 | D:11     | Noticed a two-headed ogre
  4208 | D:11     | Reached XP level 12. HP: 70/100 MP: 18/18
  4215 | D:11     | Killed a two-headed ogre
  4289 | D:11     | HP: 1/100 [large slime creature (29)]
  4290 | D:11     | Annihilated by a large slime creature

Illustrated notes

Levels and vault maps discovered:
D:1:      minmay_arrival_hallway, layout_loops_ring, dk_noncrumbling_4
D:2:      layout_loops_ring
D:3:      layout_basic, uniq_sigmund
D:4:      layout_loops_ring, jmf_multi_god_temple2
D:5:      layout_gridville, lemuel_tele_altar, nicolae_twisty_statue_hallways,
          uniq_blork_the_orc
D:6:      layout_gridville, nicolae_houndstooth_variations, uniq_prince_ribbit1
D:7:      layout_loops_corners, minmay_temple_entry_poolview,
          nicolae_fountain_basement, uniq_crazy_yiuf_cottage
D:8:      layout_basic, amethyst_overflow_temple_binary, uniq_erica, uniq_joseph
D:9:      layout_cave_pools, nicolae_sif_muna_little_library, serial_shops,
          nicolae_shop_advertising_works [nicolae_subvault_shop_adworks]
D:10:     layout_grid_maze, minmay_shop_grid_forest, minmay_statue_bubble,
          uniq_maggie
D:11:     layout_small_grid, dpeg_lair_monsters, uniq_erolcha

Skill      XL: |  1  2  3  4  5  6  7  8  9 10 11 |
---------------+----------------------------------+-----
Unarmed Combat | 4 6 7 8 12 14 | 14.1
Shapeshifting  | 4 5 6 8 10 | 10.0
Invocations    | 2 4 6 7 |  7.0
Fighting       | 2 4 7 |  7.3
Dodging        | 3 5 8 |  8.3
Armour         | 3 |  3.9

Action                     |  1- 3 |  4- 6 |  7- 9 | 10-12 || total
---------------------------+-------+-------+-------+-------++-------
  Melee: Unarmed           |    80 |    73 |   159 |   212 ||   524
         Punch             |     1 |     5 |    10 |    26 ||    42
 Invoke: Heroism           |       |       |     2 |    11 ||    13
    Use: Potion            |       |     1 |     1 |     1 ||     3
         Scroll            |       |       |    12 |     9 ||    21
 Armour: Animal skin       |     4 |       |       |       ||     4
         Scale mail        |    14 |    23 |    55 |    72 ||   164
         Skin              |       |    10 |       |       ||    10
  Dodge: Dodged            |    34 |    19 |    47 |   124 ||   224

Table legend: (Time is in decaauts)
 A = Elapsed time spent in this place.
 B = Non-inter-level travel time spent in this place.
 C = Inter-level travel time spent in this place.
 D = Time resting spent in this place.
 E = Time spent auto-exploring this place.
 F = Levels seen in this place.
 G = Mean time per level.
                   A        B        C        D        E       F      G
               +--------+--------+--------+--------+--------+-----+--------+
         Total |   4195 |   3882 |    313 |     25 |   2330 |  11 |  381.4 |
       Dungeon |   4195 |   3882 |    313 |     25 |   2330 |  11 |  381.4 |
               +--------+--------+--------+--------+--------+-----+--------+

Top non-repeatable levels by time:
    D:10: 590 daAuts
     D:8: 443 daAuts
     D:2: 429 daAuts
     D:4: 425 daAuts
     D:1: 391 daAuts
     D:7: 356 daAuts
     D:3: 328 daAuts
    D:11: 322 daAuts
     D:5: 321 daAuts
     D:6: 317 daAuts
     D:9: 269 daAuts
